SNL (28 & UNDER)
WICHITA WRANGLERS @ BEAUMONT ROUGHNECKS
04/17/2030
 
TOP OF THE 1ST
Wichita Wranglers batting - Pitching for Beaumont Roughnecks : LHP Hunter Johnson
Pitching: LHP Hunter Johnson
Batting: RHB José López 0-0: Called Strike
0-1: Ball
1-1: Foul Ball, location: 2F
1-2: Foul Ball, location: 2F
1-2: Ball
2-2: Foul Ball, location: 2F
2-2: Ball
3-2: Base on Balls
Batting: LHB Terry Neal 0-0: Called Strike
0-1: Ball
1-1: Ball
2-1: Ball
3-1: Base on Balls
José López to second
Batting: RHB Taylor Justice 0-0: Ball
José López steals 3rd base
Terry Neal to second
1-0: Foul Ball, location: 2F
1-1: Swinging Strike
1-2: Ball
2-2: Foul Ball, location: 2F
2-2: Fly out, F4 (Popup, 4M)
Batting: LHB Al Miller 0-0: Ball
1-0: Ball
2-0: Ball
3-0: Base on Balls
Batting: RHB Hubert MacDonald 0-0: Called Strike
0-1: Ball
1-1: SINGLE (Line Drive, 8RS)
José López scores
Terry Neal to third
Al Miller to second
Runner from 3rd tries for Home, SAFE, no throw
Batting: RHB Henry Edwards 0-0: Ball
1-0: Ball
2-0: Ball
3-0: Base on Balls
Al Miller to third
Hubert MacDonald to second
Batting: LHB Glenn Williamson 0-0: Called Strike
0-1: Foul Ball, location: 2F
0-2: Strikes out looking
Batting: RHB Travis Ezell 0-0: Ball
1-0: Ball
2-0: Ball
3-0: Called Strike
3-1: SINGLE (Groundball, 6D)
Al Miller scores
Hubert MacDonald to third
Henry Edwards to second
Runner from 3rd tries for Home, throw and OUT!
Top of the 1st over - 3 runs, 2 hits, 0 errors, 2 left on base; Wichita 3 - Beaumont 0
BOTTOM OF THE 1ST
Beaumont Roughnecks batting - Pitching for Wichita Wranglers : RHP António Cruz
Pitching: RHP António Cruz
Batting: RHB John James 0-0: Ball
1-0: Called Strike
1-1: Foul Ball, location: 2F
1-2: Ball
2-2: Strikes out looking
Batting: LHB Enrique Cruz 0-0: Ball
1-0: Ball
2-0: Ball
3-0: Called Strike
3-1: Base on Balls
Batting: RHB Jeff Mason 0-0: Ball
1-0: Called Strike
1-1: Foul Ball, location: 2F
1-2: Ball
2-2: Foul Ball, location: 2F
2-2: Strikes out swinging
Batting: LHB Roberto Félix 0-0: SINGLE (Groundball, 56D)
Enrique Cruz to second
Batting: RHB Andrew O'Dell 0-0: Fielders Choice at 2nd, 6-4 (Groundball, 6)
Bottom of the 1st over - 0 runs, 1 hit, 0 errors, 2 left on base; Wichita 3 - Beaumont 0
TOP OF THE 2ND
Wichita Wranglers batting - Pitching for Beaumont Roughnecks : LHP Hunter Johnson
Batting: LHB John Lynch 0-0: Called Strike
0-1: Fly out, F6 (Popup, 6)
Batting: RHB José López 0-0: Ball
1-0: Foul Ball, location: 2F
1-1: Ball
2-1: SOLO HOME RUN (Flyball, 9D), Distance : 409 ft
Batting: LHB Terry Neal 0-0: Called Strike
0-1: Reached via error on a dropped throw, E1
Batting: RHB Taylor Justice 0-0: Swinging Strike
0-1: Foul Ball, location: 2F
0-2: Strikes out swinging
Batting: LHB Al Miller 0-0: Called Strike
Terry Neal steals 2nd base
0-1: Called Strike
0-2: Ball
Wild Pitch!
Terry Neal to third
1-2: Ball
2-2: Foul Ball, location: 2F
2-2: Strikes out looking
Top of the 2nd over - 1 run, 1 hit, 1 error, 1 left on base; Wichita 4 - Beaumont 0
BOTTOM OF THE 2ND
Beaumont Roughnecks batting - Pitching for Wichita Wranglers : RHP António Cruz
Batting: RHB Javier Álvarez 0-0: Ball
1-0: Called Strike
1-1: Called Strike
1-2: Strikes out swinging
Batting: RHB António Aguilar 0-0: Called Strike
0-1: Swinging Strike
0-2: Foul Ball, location: 2F
0-2: Ball
1-2: Ball
2-2: Strikes out swinging
Batting: RHB Miguel Costa 0-0: Ball
1-0: Ball
2-0: Called Strike
2-1: Ball
3-1: Swinging Strike
3-2: Base on Balls
Batting: SHB Walton Locke 0-0: Fly out, F7 (Line Drive, 78D)
Bottom of the 2nd over - 0 runs, 0 hits, 0 errors, 1 left on base; Wichita 4 - Beaumont 0
TOP OF THE 3RD
Wichita Wranglers batting - Pitching for Beaumont Roughnecks : LHP Hunter Johnson
Batting: RHB Hubert MacDonald 0-0: Ball
1-0: Foul Ball, location: 2F
1-1: SINGLE (Line Drive, 6D)
Batting: RHB Henry Edwards 0-0: Called Strike
0-1: Ball
1-1: Ball
2-1: Fly out, F5 (Popup, 5SF)
Batting: LHB Glenn Williamson 0-0: Called Strike
0-1: Ball
1-1: Foul Ball, location: 2F
1-2: Ball
2-2: SINGLE (Groundball, 34D)
Hubert MacDonald to second
Runner from 2nd tries for 3rd, SAFE, no throw
Batting: RHB Travis Ezell 0-0: Ball
1-0: Swinging Strike
1-1: Swinging Strike
1-2: Ball
2-2: Ball
3-2: Base on Balls
Glenn Williamson to second
Batting: LHB John Lynch 0-0: Ball
1-0: Foul Ball, location: 2F
1-1: Called Strike
1-2: SINGLE (Line Drive, 9LS)
Hubert MacDonald scores
Glenn Williamson to third
Travis Ezell to second
Pitching: RHP Enrique Paredes
Batting: RHB José López 0-0: GRAND SLAM HOME RUN (Flyball, 78XD), Distance : 420 ft
Batting: LHB Terry Neal 0-0: Ball
1-0: Called Strike
1-1: Fly out, F7 (Flyball, 7LM)
Batting: RHB Taylor Justice 0-0: Ball
1-0: Called Strike
1-1: Foul Ball, location: 2F
1-2: Strikes out swinging
Top of the 3rd over - 5 runs, 4 hits, 0 errors, 0 left on base; Wichita 9 - Beaumont 0
BOTTOM OF THE 3RD
Beaumont Roughnecks batting - Pitching for Wichita Wranglers : RHP António Cruz
Batting: RHB John James 0-0: Ball
1-0: Ball
2-0: Foul Ball, location: 2F
2-1: Ground out 5-3 (Groundball, 56S)
Batting: LHB Enrique Cruz 0-0: Ball
1-0: Ball
2-0: Foul Ball, location: 2F
2-1: Fly out, F7 (Line Drive, 7)
Batting: RHB Jeff Mason 0-0: Called Strike
0-1: Ball
1-1: Ball
2-1: Fly out, F8 (Flyball, 8LM)
Bottom of the 3rd over - 0 runs, 0 hits, 0 errors, 0 left on base; Wichita 9 - Beaumont 0
TOP OF THE 4TH
Wichita Wranglers batting - Pitching for Beaumont Roughnecks : RHP Enrique Paredes
Batting: LHB Al Miller 0-0: Ball
1-0: Called Strike
1-1: Ball
2-1: Foul Ball, location: 2F
2-2: Strikes out swinging
Batting: RHB Hubert MacDonald 0-0: Called Strike
0-1: Called Strike
0-2: Strikes out looking
Batting: RHB Henry Edwards 0-0: Called Strike
0-1: Ball
1-1: Ball
2-1: Ball
3-1: Swinging Strike
3-2: Ground out 5-3 (Groundball, 56S)
Top of the 4th over - 0 runs, 0 hits, 0 errors, 0 left on base; Wichita 9 - Beaumont 0
BOTTOM OF THE 4TH
Beaumont Roughnecks batting - Pitching for Wichita Wranglers : RHP António Cruz
Batting: LHB Roberto Félix 0-0: Ball
1-0: Swinging Strike
1-1: Swinging Strike
1-2: Strikes out swinging
Batting: RHB Andrew O'Dell 0-0: Ground out 6-3 (Groundball, 6)
Batting: RHB Javier Álvarez 0-0: Called Strike
0-1: Hit by Pitch
Batting: RHB António Aguilar 0-0: Ball
1-0: Ball
2-0: Called Strike
2-1: Called Strike
2-2: Ball
3-2: Base on Balls
Javier Álvarez to second
Batting: RHB Miguel Costa 0-0: Fielders Choice at 2nd, 5-4 (Groundball, 56)
Bottom of the 4th over - 0 runs, 0 hits, 0 errors, 2 left on base; Wichita 9 - Beaumont 0
TOP OF THE 5TH
Wichita Wranglers batting - Pitching for Beaumont Roughnecks : RHP Enrique Paredes
Batting: LHB Glenn Williamson 0-0: Ball
1-0: Ball
2-0: Foul Ball, location: 2F
2-1: Ball
3-1: Swinging Strike
3-2: Base on Balls
Batting: RHB Travis Ezell 0-0: Ball
1-0: Ball
2-0: Foul Ball, location: 2F
2-1: Swinging Strike
2-2: Foul Ball, location: 2F
2-2: Strikes out swinging
Batting: LHB John Lynch 0-0: Swinging Strike
0-1: Ball
1-1: Foul Ball, location: 2F
1-2: Strikes out swinging
Batting: RHB José López 0-0: Called Strike
0-1: SINGLE (Groundball, 6MD)
Glenn Williamson to second
Runner from 2nd tries for 3rd, SAFE, no throw
Batting: LHB Terry Neal 0-0: Called Strike
0-1: Ball
1-1: Called Strike
1-2: Fly out, F5 (Popup, 56S)
Top of the 5th over - 0 runs, 1 hit, 0 errors, 2 left on base; Wichita 9 - Beaumont 0
BOTTOM OF THE 5TH
Beaumont Roughnecks batting - Pitching for Wichita Wranglers : RHP António Cruz
Batting: SHB Walton Locke 0-0: Ball
1-0: Ball
2-0: Foul Ball, location: 2F
2-1: Fly out, F7 (Flyball, 7S)
Batting: RHB John James 0-0: Ground out 6-3 (Groundball, 56)
Batting: LHB Enrique Cruz 0-0: Called Strike
0-1: SOLO HOME RUN (Flyball, 9D), Distance : 397 ft
Batting: RHB Jeff Mason 0-0: Foul Ball, location: 2F
0-1: Foul Ball, location: 2F
0-2: Foul Ball, location: 2F
0-2: Ball
1-2: Foul Ball, location: 2F
1-2: Foul Ball, location: 2F
1-2: Strikes out looking
Bottom of the 5th over - 1 run, 1 hit, 0 errors, 0 left on base; Wichita 9 - Beaumont 1
TOP OF THE 6TH
Wichita Wranglers batting - Pitching for Beaumont Roughnecks : RHP Enrique Paredes
Batting: RHB Taylor Justice 0-0: Called Strike
0-1: Swinging Strike
0-2: Strikes out swinging
Batting: LHB Al Miller 0-0: Ball
1-0: Swinging Strike
1-1: Ball
2-1: Ball
3-1: DOUBLE (Line Drive, 9LS)
Batting: RHB Hubert MacDonald 0-0: Called Strike
0-1: Foul Ball, location: 2F
0-2: Ball
1-2: Foul Ball, location: 2F
1-2: Strikes out swinging
Batting: RHB Henry Edwards 0-0: TRIPLE (Line Drive, 89XD)
Al Miller scores
Batting: LHB Glenn Williamson 0-0: Foul Ball, location: 2F
0-1: Fly out, F7 (Flyball, 78S)
Top of the 6th over - 1 run, 2 hits, 0 errors, 1 left on base; Wichita 10 - Beaumont 1
BOTTOM OF THE 6TH
Beaumont Roughnecks batting - Pitching for Wichita Wranglers : RHP António Cruz
Batting: LHB Roberto Félix 0-0: SINGLE (Groundball, 34S) (infield hit)
Batting: RHB Andrew O'Dell 0-0: Foul Ball, location: 2F
0-1: Swinging Strike
0-2: Ball
Roberto Félix steals 2nd base
1-2: Ball
2-2: Foul Ball, location: 2F
2-2: Ball
3-2: Foul Ball, location: 2F
3-2: Base on Balls
Batting: RHB Javier Álvarez 0-0: Grounds into double play, 6-4-3 (Groundball, 6)
Roberto Félix to third
Batting: RHB António Aguilar 0-0: Fly out, F8 (Flyball, 89D)
Bottom of the 6th over - 0 runs, 1 hit, 0 errors, 1 left on base; Wichita 10 - Beaumont 1
TOP OF THE 7TH
Wichita Wranglers batting - Pitching for Beaumont Roughnecks : RHP Enrique Paredes
Pitching: LHP Mark De Jesús
Batting: RHB Travis Ezell 0-0: Called Strike
0-1: Called Strike
0-2: Foul Ball, location: 2F
0-2: Foul Ball, location: 2F
0-2: Fly out, F8 (Flyball, 8RM)
Batting: LHB John Lynch 0-0: Ball
1-0: Foul Ball, location: 2F
1-1: Fly out, F6 (Popup, 6)
Batting: RHB José López 0-0: Ball
1-0: Ball
2-0: Called Strike
2-1: Foul Ball, location: 2F
2-2: Ball
3-2: TRIPLE (Line Drive, 8RXD)
Batting: LHB Terry Neal 0-0: Foul Ball, location: 2F
0-1: Ball
1-1: Fly out, F8 (Line Drive, 89D)
Top of the 7th over - 0 runs, 1 hit, 0 errors, 1 left on base; Wichita 10 - Beaumont 1
BOTTOM OF THE 7TH
Beaumont Roughnecks batting - Pitching for Wichita Wranglers : RHP António Cruz
Batting: RHB Miguel Costa 0-0: Called Strike
0-1: Fly out, F8 (Line Drive, 8LS)
Batting: SHB Walton Locke 0-0: Called Strike
0-1: Foul Ball, location: 2F
0-2: SINGLE (Line Drive, 34D)
Batting: RHB John James 0-0: Called Strike
0-1: Swinging Strike
0-2: Foul Ball, location: 2F
0-2: Ball
1-2: SINGLE (Groundball, 4D)
Walton Locke to second
Runner from 2nd tries for 3rd, SAFE, no throw
Batting: LHB Enrique Cruz 0-0: Ball
1-0: Called Strike
1-1: Foul Ball, location: 2F
1-2: DOUBLE (Line Drive, 9LD)
Walton Locke scores
John James to third
Pitching: RHP José Rodríguez
Batting: RHB Jeff Mason 0-0: Called Strike
0-1: 3-RUN HOME RUN (Flyball, 9LD), Distance : 352 ft
Batting: LHB Roberto Félix 0-0: Ball
1-0: Ball
2-0: SINGLE (Flyball, 34D)
Batting: RHB Andrew O'Dell 0-0: Ball
1-0: Ball
2-0: Ball
3-0: Called Strike
3-1: Foul Ball, location: 2F
3-2: Fly out, F9 (Flyball, 9S)
Batting: RHB Javier Álvarez 0-0: Called Strike
0-1: Ball
1-1: SINGLE (Groundball, 6MD)
Roberto Félix to second
Runner from 2nd tries for 3rd, SAFE, no throw
Batting: RHB António Aguilar 0-0: Called Strike
0-1: Ball
1-1: Ball
2-1: Foul Ball, location: 2F
Balk!
Roberto Félix scores
Javier Álvarez to second
2-2: SINGLE (Groundball, 15) (infield hit)
Javier Álvarez to third
Pitching: RHP Kirby Graham
Batting: RHB Miguel Costa 0-0: Foul Ball, location: 2F
0-1: Ball
Pickoff Throw to First - Out!
Bottom of the 7th over - 5 runs, 7 hits, 0 errors, 1 left on base; Wichita 10 - Beaumont 6
TOP OF THE 8TH
Wichita Wranglers batting - Pitching for Beaumont Roughnecks : LHP Mark De Jesús
Batting: RHB Taylor Justice 0-0: Ball
1-0: Called Strike
1-1: Called Strike
1-2: SINGLE (Line Drive, 4D)
Batting: LHB Al Miller 0-0: Ball
1-0: Ball
2-0: Ball
3-0: Called Strike
3-1: Base on Balls
Taylor Justice to second
Batting: RHB Hubert MacDonald 0-0: Ball
1-0: Swinging Strike
1-1: Foul Ball, location: 2F
1-2: SINGLE (Flyball, 7LS)
Taylor Justice to third
Al Miller to second
Batting: RHB Henry Edwards 0-0: Foul Ball, location: 2F
0-1: Ball
1-1: DOUBLE (Groundball, 5L)
Taylor Justice scores
Al Miller scores
Hubert MacDonald to third
Pitching: RHP Juan Villa
Batting: LHB Glenn Williamson 0-0: Ground out 6-3 (Groundball, 6)
Hubert MacDonald scores
Batting: RHB Travis Ezell 0-0: Called Strike
0-1: Ball
1-1: Foul Ball, location: 2F
1-2: Foul Ball, location: 2F
1-2: Strikes out looking
Batting: LHB John Lynch 0-0: Ball
1-0: TRIPLE (Flyball, 89XD)
Henry Edwards scores
Batting: RHB José López 0-0: Ball
1-0: Ball
2-0: Called Strike
2-1: Swinging Strike
2-2: Foul Ball, location: 2F
2-2: Strikes out swinging
Top of the 8th over - 4 runs, 4 hits, 0 errors, 1 left on base; Wichita 14 - Beaumont 6
BOTTOM OF THE 8TH
Beaumont Roughnecks batting - Pitching for Wichita Wranglers : RHP Kirby Graham
Now in RF: Dan Dunn
Batting: RHB Miguel Costa 0-0: Ground out 6-3 (Groundball, 6)
Batting: SHB Walton Locke 0-0: Fly out, F8 (Line Drive, 8RD)
Batting: RHB John James 0-0: Ball
1-0: Called Strike
1-1: Called Strike
1-2: Ball
2-2: Foul Ball, location: 2F
2-2: Strikes out swinging
Bottom of the 8th over - 0 runs, 0 hits, 0 errors, 0 left on base; Wichita 14 - Beaumont 6
TOP OF THE 9TH
Wichita Wranglers batting - Pitching for Beaumont Roughnecks : RHP Juan Villa
Batting: LHB Terry Neal 0-0: Ball
1-0: Ball
2-0: Called Strike
2-1: Foul Ball, location: 2F
2-2: Foul Ball, location: 2F
2-2: Strikes out swinging
Batting: RHB Taylor Justice 0-0: Ball
1-0: Ball
2-0: Foul Ball, location: 2F
2-1: Swinging Strike
2-2: Ball
3-2: Foul Ball, location: 2F
3-2: Strikes out looking
Batting: LHB Al Miller 0-0: Ball
1-0: Called Strike
1-1: Ball
2-1: Ball
3-1: Called Strike
3-2: Foul Ball, location: 2F
3-2: Ground out 4-3 (Groundball, 4)
Top of the 9th over - 0 runs, 0 hits, 0 errors, 0 left on base; Wichita 14 - Beaumont 6
BOTTOM OF THE 9TH
Beaumont Roughnecks batting - Pitching for Wichita Wranglers : RHP Kirby Graham
Now at C: Mauro Paredes
Now at 1B: Juan Glaviz
Batting: LHB Enrique Cruz 0-0: Foul Ball, location: 2F
0-1: Swinging Strike
0-2: Ball
1-2: Strikes out looking
Batting: RHB Jeff Mason 0-0: Fly out, F8 (Flyball, 8LD)
Batting: LHB Roberto Félix 0-0: Ball
1-0: Foul Ball, location: 2F
1-1: Ground out 6-3 (Groundball, 56D)
Bottom of the 9th over - 0 runs, 0 hits, 0 errors, 0 left on base; Wichita 14 - Beaumont 6
Saturday, April 7th, 2018 - OOTP Baseball 18.8 Build 76